 Dungeon Crawl Stone Soup version 0.30.1-11-g7821555f0a (webtiles) character file.

Game seed: 16725182422156523437

1400 PaiMei the Purveyor of Pain (level 8, 0/61 HPs)
             Began as a Demonspawn Necromancer on Jan 8, 2024.
             Was an Initiate of Kikubaaqudgha.
             Slain by a hound (4 damage)
             ... on level 7 of the Dungeon.
             The game lasted 00:09:14 (8764 turns).

PaiMei the Purveyor of Pain (DsNe)                  Turns: 8764, Time: 00:09:15

Health: 0/61       AC:  3    Str:  8    XL:     8   Next: 41%
Magic:  12/15      EV: 14    Int: 18    God:    Kikubaaqudgha [......]
Gold:   372        SH:  0    Dex: 15    Spells: 9/17 levels left

rFire   . . .        i - +0 short sword
rCold   . . .        (no shield)
rNeg    . . .        a - +0 robe
rPois   .            (no helmet)
rElec   .            (no cloak)
rCorr   .            y - +0 pair of gloves
SInv    .            (no boots)
Will    .....        (no amulet)
Stlth   ++           (no ring)
HPRegen 0.30/turn    (no ring)
MPRegen 0.14/turn

%: no passive effects
@: no status effects
A: demonic guardian 2, foul stench 1
a: Renounce Religion


You were on level 7 of the Dungeon.
You worshipped Kikubaaqudgha.
Kikubaaqudgha was noncommittal.
You visited 1 branch of the dungeon, and saw 7 of its levels.

You collected 372 gold pieces.

Inventory:

Hand Weapons
 i - a +0 short sword (weapon)
Missiles
 c - 7 poisoned darts (quivered)
Armour
 a - a +0 robe (worn)
 y - a +0 pair of gloves (worn)
Jewellery
 q - an amulet of faith
 v - a +6 ring of intelligence
Wands
 s - a wand of paralysis (8)
Scrolls
 d - a scroll of brand weapon {unknown}
 e - a scroll of fog {unknown}
 f - a scroll of teleportation {unknown}
 g - 3 scrolls of enchant armour {unknown}
 k - 3 scrolls of immolation {unknown}
 l - 4 scrolls of identify {unknown}
 n - 2 scrolls of butterflies {unknown}
 t - 2 scrolls of enchant weapon {unknown}
 u - a scroll of poison {unknown}
Potions
 b - a potion of magic
 h - a potion of degeneration {unknown}
 j - 3 potions of heal wounds {unknown}
 m - a potion of haste {unknown}
 o - a potion of berserk rage {unknown}
 p - a potion of curing {unknown}
 r - 2 potions of lignification {unknown}
 w - a potion of attraction {unknown}
 x - a potion of mutation {unknown}
 z - a potion of ambrosia {unknown}


   Skills:
 + Level 4.8 Fighting
 + Level 5.0 Dodging
 - Level 2.0 Stealth
 + Level 5.0 Spellcasting
 + Level 7.2 Necromancy


You had 9 spell levels left.
You knew the following spells:

 Your Spells              Type           Power      Damage    Failure   Level
a - Necrotise             Necr           100%       1d9       1%          1
b - Vampiric Draining     Necr           30%        2d8       1%          3
c - Animate Dead          Necr           30%        N/A       7%          4

Your spell library contained the following spells:

 Spells                   Type           Power      Damage    Failure   Level
 Apportation              Tloc           8%         N/A       13%         1
 Foxfire                  Conj/Fire      16%        2x1d4     13%         1
 Slow                     Hex            16%        N/A       13%         1
 Summon Small Mammal      Summ           16%        N/A       13%         1
 Agony                    Necr           30%        N/A       19%         5
 Confusing Touch          Hex            4%         N/A       36%         3
 Inner Flame              Hex/Fire       4%         N/A       36%         3
 Flame Wave               Conj/Fire      4%         2d5       78%         4
 Sticky Flame             Conj/Fire      4%         2d3       78%         4


Dungeon Overview and Level Annotations

Branches:
Dungeon (7/15)
 Temple: D:4-7

Altars:
Ashenzari
Cheibriados
Fedhas
Kikubaaqudgha
Nemelex Xobeh
Okawaru
Qazlal
Ru
Uskayaw
Vehumet
Yredelemnul


Innate Abilities, Weirdness & Mutations

A demonic guardian rushes to your aid.
You may rarely emit foul miasma when damaged in melee.


Message History

The puff of frost hits you!
* * * LOW HITPOINT WARNING * * *
A demonic guardian appears!
Your orc skeleton barely misses the white imp.
Your rust devil barely misses the white imp.
The orc wizard mumbles some strange words.
The orc wizard flickers and vanishes!
Deactivating autopickup; reactivate with Ctrl-A.
The white imp gestures at you.
The puff of frost hits your rust devil but does no damage.
Your rust devil hits the white imp.
Your rust devil corrodes the white imp!
The white imp hits your rust devil but does no damage.
Your rust devil hits the white imp.
The white imp seems to be corroded for longer.
Your rust devil hits the white imp.
The white imp seems to be corroded for longer.
The white imp gestures at you. The puff of frost hits you!
* * * LOW HITPOINT WARNING * * *
A demonic guardian appears!
The white imp gestures at you. The puff of frost hits your hellwing!
Your hellwing swoops through the air toward the white imp!
Something barely misses the white imp.
Something hits the white imp!
The white imp dies!
Kikubaaqudgha accepts your kill.
The hound barks!
The hound closely misses you. The hound misses you.
The hound attacks as you move away! The hound bites you.
* * * LOW HITPOINT WARNING * * *
The hound closely misses you.
Casting: Necrotise (safe; 1% risk of failure)
Confirm with . or Enter, or press ? or * to list all spells.
Aiming: Necrotise (safe; 1% risk of failure)
Press: ? - help, Shift-Dir - straight line, f - hound
Aim: a hound (chance to affect: 88%)
The hound writhes in agony.
The hound bites you.
You die...
Kikubaaqudgha rasps: "You have failed me!
Welcome... death!"

........#
#..................
..##....#
#.................. .. ...#
#.................. ..
...######..................
..
..).....####......#######
#.......# #...)..#
#.......# ##......#######
#......h###.))).........#
#.......@...<...........#
########..##.#.##.......#
###.......##.......#
#.....................#
#.######...#####'######
#.....## #.# ....###..##
#.# ..#......>###.# .
#.######....#


You could see a hound.

Vanquished Creatures
  Eustachio (D:4)
  A black bear (D:6)
  2 ogres
  A centaur (D:5)
  2 bullfrogs
  2 scorpions
  4 hounds
  An orc priest (D:5)
  A sleepcap (D:5)
  Jessica (D:2)
  6 iguanas
  2 orc wizards
  A gnoll (D:1)
  6 adders
  3 worms
  A dart slug (D:2)
  10 orcs
  8 endoplasms
  5 goblins
  8 hobgoblins
  3 jackals (D:2)
  4 quokkas
  8 ball pythons
  8 bats
  4 frilled lizards
  6 kobolds
  4 rats
103 creatures vanquished.

Vanquished Creatures (collateral kills)
  2 iguanas
  An orc wizard (D:7)
  4 white imps
  A worm (D:2)
  3 orcs
  2 kobolds (D:4)
  A rat (D:2)
14 creatures vanquished.

Grand Total: 117 creatures vanquished

Notes
Turn   | Place    | Note
-------+----------+-------------------------------------------
     0 | D:1      | PaiMei the Demonspawn Necromancer began the quest for the
                  | Orb.
     0 | D:1      | Reached XP level 1. HP: 13/13 MP: 3/3
   394 | D:1      | Gained mutation: A weak demonic guardian rushes to your
                  | aid. [demonic ancestry]
   394 | D:1      | Reached XP level 2. HP: 19/19 MP: 3/5
   745 | D:1      | Gained mutation: A demonic guardian rushes to your aid.
                  | [demonic ancestry]
   745 | D:1      | Reached XP level 3. HP: 25/25 MP: 4/6
  1394 | D:2      | Reached skill level 1 in Fighting
  1526 | D:2      | Noticed Jessica
  1531 | D:2      | Killed Jessica
  1532 | D:2      | Reached XP level 4. HP: 23/32 MP: 3/7
  1766 | D:2      | Reached skill level 5 in Necromancy
  3117 | D:3      | Reached XP level 5. HP: 32/38 MP: 5/9
  3169 | D:3      | Found an iron altar of Okawaru.
  3226 | D:3      | Found a faded altar of an unknown god.
  3261 | D:3      | Learned a level 3 spell: Vampiric Draining
  3266 | D:3      | Learned a level 4 spell: Animate Dead
  3268 | D:3      | Got Plato's Excursus on Fever
  3280 | D:3      | You fall into a shaft and drop 2 floors!
  3280 | D:5      | Entered Level 5 of the Dungeon
  3652 | D:5      | Noticed an ogre
  3701 | D:5      | Found a basalt altar of Yredelemnul.
  4297 | D:4      | Reached XP level 6. HP: 45/46 MP: 1/11
  4566 | D:4      | Found a stormy altar of Qazlal.
  4645 | D:4      | Found a radiant altar of Vehumet.
  4651 | D:4      | Found a sparkling altar of Nemelex Xobeh.
  4903 | D:4      | Found a snail-covered altar of Cheibriados.
  4908 | D:4      | Noticed Eustachio
  4926 | D:4      | Killed Eustachio
  5607 | D:5      | Found a hide-covered altar of Uskayaw.
  5632 | D:5      | Reached skill level 6 in Necromancy
  5632 | D:5      | Gained mutation: You may rarely emit foul miasma when
                  | damaged in melee. [demonic ancestry]
  5632 | D:5      | Reached XP level 7. HP: 52/52 MP: 2/12
  6350 | D:5      | Identified the +2 leather armour "Pocvazuyxe" {-Cast Regen+
                  | Str+3 SInv}
  6625 | D:6      | Found a blossoming altar of Fedhas.
  6628 | D:6      | Found an ancient bone altar of Kikubaaqudgha.
  6633 | D:6      | Became a worshipper of Kikubaaqudgha
  6931 | D:6      | Found a broken altar of Ashenzari.
  7103 | D:6      | HP: 2/54 [white imp (2)]
  7563 | D:6      | Reached XP level 8. HP: 21/60 MP: 0/14
  7981 | D:6      | Found a sacrificial altar of Ru.
  8161 | D:7      | Reached skill level 7 in Necromancy
  8590 | D:7      | Reached skill level 5 in Dodging
  8590 | D:7      | Reached skill level 5 in Spellcasting
  8752 | D:7      | HP: 1/61 [white imp/puff of frost (7)]
  8763 | D:7      | HP: 3/61 [hound (1)]
  8764 | D:7      | Slain by a hound

Illustrated notes

Levels and vault maps discovered:
D:1:      dpeg_arrival_orchard, layout_basic
D:2:      minmay_chambers_of_ones, layout_basic, uniq_jessica
D:3:      layout_loops_cross, mainiacjoe_overflow_boulevard,
          shapermc_ecumenical_altar_rom_forum, minivault_25,
          supply_closet_lemuel, ebering_dispersal_statue_hall,
          serial_bayou_pond_d, minmay_cupped
D:4:      layout_loops_corners, zin_statuary, amcnicky_altar_gilded,
          mainiacjoe_overflow_cross_hatched, minmay_overflow_temple_star_quad,
          kennysheep_generic_room_11, uniq_eustachio
D:5:      layout_cave_pools, yredelemnul_altar_generic, lemuel_doored_altar
D:6:      layout_gridville, grunt_temple_overflow_growth_and_decay,
          lemuel_tele_altar, kennysheep_mini_moat
D:7:      layout_basic, nzn_wu_jian_council_hall, minmay_temple_entry_offerings

Skill      XL: |  1  2  3  4  5  6  7  8 |
---------------+-------------------------+-----
Stealth        | 2 |  2.0
Dodging        | 2 3 4 5 |  5.0
Fighting       | 1 2 3 4 |  4.8
Necromancy     | 5 6 7 |  7.2
Spellcasting   | 3 4 5 |  5.0

Action                     |  1- 3 |  4- 6 |  7- 9 || total
---------------------------+-------+-------+-------++-------
  Melee: Unarmed           |     3 |       |       ||     3
         Short sword       |     2 |    24 |    40 ||    66
   Cast: Necrotise         |    65 |   107 |    55 ||   227
         Vampiric Draining |       |    10 |    30 ||    40
 Armour: Robe              |     5 |    14 |    13 ||    32
  Dodge: Dodged            |     9 |    57 |    59 ||   125
